 Dungeon Crawl Stone Soup version 0.29.1-15-g9cfb28693d (webtiles) character file.

Game seed: 10463048357585839004

6 hawla the Firebug (level 2, -2/20 HPs)
             Began as a Meteoran Fire Elementalist on Mar 8, 2023.
             Slain by a hobgoblin (3 damage)
             ... on level 1 of the Dungeon.
             The game lasted 00:00:28 (51 turns).

hawla the Firebug (Meteoran Fire Elementalist)        Turns: 51, Time: 00:00:29

Health: -2/20      AC:  2    Str:  9    XL:     2   Next: 11%
Magic:  5/6        EV: 12    Int: 16    God:
Gold:   0          SH:  0    Dex: 14    Spells: 5/6 levels left

rFire   . . .      SeeInvis .   (no weapon)
rCold   . . .      Faith    .   (no shield)
rNeg    . . .      Spirit   .   a - +0 robe
rPois   .          Reflect  .   (no helmet)
rElec   .          Harm     .   (no cloak)
rCorr   .          Rampage  .   (no gloves)
Will    .....                   (no boots)
Stlth   +.........              (no amulet)
HPRegen 0.06/turn               (no ring)
MPRegen 0.10/turn               (no ring)

@: glowing
A: sense surroundings 1, otherworldly, glowing, explore regen
a: no special abilities


You were on level 1 of the Dungeon.
You visited 1 branch of the dungeon, and saw 1 of its levels.

Inventory:

Armour
 a - a +0 robe (worn)


   Skills:
 + Level 2.4 Dodging
 - Level 1.4 Stealth
 + Level 2.7 Spellcasting
 + Level 1.2 Conjurations
 + Level 4.1 Fire Magic


You had 5 spell levels left.
You knew the following spells:

 Your Spells              Type           Power      Damage    Failure   Level
a - Foxfire               Conj/Fire      40%        2x1d6     6%          1

Your spell library contained the following spells:

 Spells                   Type           Power      Damage    Failure   Level
 Scorch                   Fire           30%        2d7       5%          2
 Conjure Flame            Conj/Fire      10%        6-21      19%         3
 Inner Flame              Hex/Fire       8%         N/A       24%         3
 Flame Wave               Conj/Fire      10%        2d6       54%         4


Dungeon Overview and Level Annotations

Branches:
Dungeon (1/15) Zot: 548

Altars:


Innate Abilities, Weirdness & Mutations

You passively map a small area around you.
You are easily found by Zot.
You glow in the dark.
You regain HP and MP as you explore.


Message History

Confirm with . or Enter, or press ? or * to list all spells.
You conjure some foxfire!
The bat closely misses you. x2
The hobgoblin barely misses you. x2; The bat hits you.
The bat attacks as you move away! The bat closely misses you.
The foxfire hits the hobgoblin but does no damage.
The foxfire hits the hobgoblin.
The hobgoblin is heavily wounded.
The bat barely misses you.
Casting: Foxfire (safe; 6% risk of failure)
Confirm with . or Enter, or press ? or * to list all spells.
You don't have enough magic to cast this spell.
The hobgoblin attacks as you move away! The hobgoblin hits you.
The hobgoblin barely misses you. The bat hits you.
The bat attacks as you move away! The bat hits you but does no damage.
The bat closely misses you. The hobgoblin attacks as you move away!
The hobgoblin barely misses you. The bat attacks as you move away!
The bat misses you. The bat barely misses you. The bat closely misses you.
The hobgoblin attacks as you move away! The hobgoblin hits you.
The bat attacks as you move away! The bat closely misses you. x2
The bat hits you but does no damage.
You see here 8 gold pieces.
The bat hits you.
The hobgoblin hits you. x2; The bat completely misses you.
The bat attacks as you move away! The bat closely misses you.
The hobgoblin attacks as you move away! The hobgoblin misses you.
The bat hits you but does no damage. The hobgoblin attacks as you move away!
The hobgoblin completely misses you. The hobgoblin closely misses you.
The hobgoblin hits you.
* * * LOW HITPOINT WARNING * * *
The bat hits you but does no damage. Magic courses through your body.
The bat hits you but does no damage. The hobgoblin closely misses you.
The hobgoblin hits you.
* * * LOW HITPOINT WARNING * * *
Casting: Foxfire (safe; 6% risk of failure)
Confirm with . or Enter, or press ? or * to list all spells.
You conjure some foxfire!
The foxfire hits the bat.
You kill the bat!
The hobgoblin barely misses you. The hobgoblin hits you.
You die...

#..........#
#..........#
#$.........#
##...)....##
##..........#
#####.[.......$.#
..............?.#
*
###.#..).†gg..>.#
#..#.....@.....#
.. #.#...†v.$.##
* #..##......##
#.#*###.#### *#.
#..# , .. ##.##
*.. * #..#######
, ##.......# , *
####....#


You could see 2 hobgoblins.

Vanquished Creatures
  A dart slug (D:1)
  2 bats (D:1)
  A quokka (D:1)
  A kobold (D:1)
5 creatures vanquished.

Vanquished Creatures (others)
  15 foxfires (D:1)
15 creatures vanquished.

Grand Total: 20 creatures vanquished

Notes
Turn   | Place    | Note
-------+----------+-------------------------------------------
     0 | D:1      | hawla the Meteoran Fire Elementalist began the quest for
                  | the Orb.
     0 | D:1      | Reached XP level 1. HP: 14/14 MP: 5/5
    31 | D:1      | Reached skill level 4 in Fire Magic
    31 | D:1      | Reached XP level 2. HP: 20/20 MP: 2/6
    50 | D:1      | HP: 1/20 [hobgoblin (1)]
    51 | D:1      | Slain by a hobgoblin

Illustrated notes

Levels and vault maps discovered:
D:1:      minmay_arrival_semitransparent, layout_rooms

Skill      XL: |  1 |
---------------+----+-----
Fire Magic     | 4 |  4.1
Dodging        | |  2.4
Stealth        | |  1.4
Spellcasting   | |  2.7
Conjurations   | |  1.2

Action                   || total
-------------------------++-------
Melee: Unarmed           ||     2
 Cast: Foxfire           ||    10
  Use: Potion            ||     1
Armor: Robe              ||     6
Dodge: Dodged            ||    25
